 Dungeon Crawl Stone Soup version 0.30-a0-1157-g2cc9ac7196 (webtiles) character file.

Game seed: 145617252907520583

680 voltaire321 the Shield-Bearer (level 7, -10/44 HPs)
             Began as a Formicid Fighter on Apr 24, 2023.
             Was an Initiate of Gozag.
             Killed from afar by Dowan (15 damage)
             ... with a shard of ice
             ... on level 4 of the Dungeon.
             The game lasted 00:06:19 (2234 turns).

voltaire321 the Shield-Bearer (Formicid Fighter)    Turns: 2234, Time: 00:06:20

Health: -10/44     AC: 12    Str: 29      XL:     7   Next: 92%
Magic:  7/7        EV: 10    Int:  7      God:    Gozag
Gold:   54         SH:  4    Dex:  7 (13) Spells: 6/6 levels left

rFire   . . .        a - +0 war axe
rCold   . . .        c - +0 buckler
rNeg    . . .        b - +0 scale mail
rPois   +            (helmet unavailable)
rElec   .            k - +1 cloak
rCorr   .            n - +0 pair of gloves
SInv    +            (no boots)
Will    .....        (no amulet) Stlth
                     e - +6 ring of strength
HPRegen 0.27/turn    (no ring)
MPRegen 0.10/turn

%: no passive effects
@: brilliant, flying
A: permanent stasis, dig shafts and tunnels, antennae 3, four strong arms,
iridescent scales 1, frail 2, poison resistance
a: Dig, Shaft Self, Renounce Religion, Potion Petition, Call Merchant, Bribe
Branch


You were on level 4 of the Dungeon.
You worshipped Gozag.
Gozag was noncommittal.
You visited 1 branch of the dungeon, and saw 4 of its levels.

You collected 112 gold pieces.
You paid 58 gold pieces to Gozag.

Inventory:

Hand Weapons
 a - a +0 war axe (weapon)
Armour
 b - a +0 scale mail (worn)
 c - a +0 buckler (worn)
 k - a +1 cloak (worn)
 n - a +0 pair of gloves (worn)
Jewellery
 e - a +6 ring of strength (left hand)
 v - a +6 ring of dexterity
Wands
 s - a wand of flame (4)
 u - a wand of polymorph (9)
Scrolls
 f - a scroll of poison {unknown}
 g - 3 scrolls of teleportation {unknown}
 i - 3 scrolls of immolation {unknown}
 j - 3 scrolls of fog {unknown}
 l - a scroll of vulnerability {unknown}
 m - a scroll of brand weapon {unknown}
 p - 3 scrolls of identify {unknown}
Potions
 d - a potion of might
 t - a potion of curing {unknown}


   Skills:
 + Level 5.1 Fighting
 + Level 4.1 Axes
 + Level 5.1 Armour
 + Level 3.0 Dodging
 + Level 6.1 Shields


You had 6 spell levels left.
You didn't know any spells.
Your spell library contained the following spells:

 Spells                   Type           Power      Damage    Failure   Level
 Arcjolt                  Conj/Air       0%         1d10      100%        5
 Maxwell's Capacitive Co  Air            0%         ∞         100%        8
 Vhi's Electric Charge    Tloc/Air       Unusable   N/A       N/A         3

Dungeon Overview and Level Annotations

Branches:
Dungeon (4/15)
 Temple: D:4-7

Altars:
Dithmenos
Fedhas
Gozag
Hepliaklqana

Annotations:
D:4 Dowan


Innate Abilities, Weirdness & Mutations

You cannot be hasted, slowed, berserked, paralysed or teleported.
You can dig through walls and to a lower floor.
You have a pair of large antennae on your head. (SInv)
Your four strong arms can wield two-handed weapons with a shield.
You are partially covered in iridescent scales. (AC +2)
You are very frail. (-20% HP)
Your system is resistant to poisons. (rPois)


Message History

Dowan hits you but does no damage.
You feel your dexterity returning.
Your Axes skill increases to level 4!
Your Armour skill increases to level 5!
Your Dodging skill increases to level 3!
Your Shields skill increases to level 6!
You slash Dowan!
Dowan is moderately wounded.
Dowan hits you with a +0 dagger. Dowan completely misses you.
You closely miss Dowan.
Dowan is moderately wounded.
Dowan hits you but does no damage. x2
You barely miss Dowan.
Dowan is moderately wounded.
Dowan points at you and mumbles some strange words.
The stone arrow hits you.
* * * LOW HITPOINT WARNING * * *
Dowan hits you but does no damage.
You closely miss Dowan.
Dowan is moderately wounded.
Dowan hits you but does no damage. Dowan gestures at you while chanting.
The shard of ice hits you!
* * * LOW HITPOINT WARNING * * *
Okay, then.
It was a potion of mutation.
You feel extremely strange.
You feel frail.
You feel resistant to poisons.
You feel frail.
Iridescent scales grow over part of your body.
Dowan hits you but does no damage. Dowan closely misses you.
It was a potion of flight.
You feel very buoyant.
You fly up into the air.
Dowan hits you but does no damage.
It was a potion of brilliance.
You feel clever all of a sudden. Dowan hits you but does no damage. x2
It was a potion of berserk rage.
Your stasis prevents you from going berserk.
Dowan casts a spell at you. The shard of ice hits you!
You die...
Your body crumbles into a pile of gold.

......................
........................
........................
........................
.........<....>.......##
.....................##
....................##
......$$e..........##
..###@###........#{ .
#....$#.......##
#.#.###.....[.# $
#.._..#.......#
###.#.#.......#
#..†..#.......#
$...###.###....#..#
..............##..#
...>..........###.#


You could see Dowan (fast).

Vanquished Creatures
  The ghost of rinse the Chiller, an amateur OpTm (D:3)
  Sigmund (D:3)
  Duvessa (D:4)
  4 quasits (D:3)
  An iguana (D:4)
  A worm (D:3)
  2 dart slugs
  An orc (D:3)
  5 ball pythons
  6 bats
  7 endoplasms
  3 giant cockroaches
  5 goblins
  11 hobgoblins
  4 jackals (D:2)
  3 quokkas
  6 frilled lizards
  6 kobolds
  8 rats
76 creatures vanquished.

Notes
Turn   | Place    | Note
-------+----------+-------------------------------------------
     0 | D:1      | voltaire321 the Formicid Fighter began the quest for the
                  | Orb.
     0 | D:1      | Reached XP level 1. HP: 18/18 MP: 1/1
    92 | D:1      | Reached XP level 2. HP: 23/24 MP: 2/2
   259 | D:1      | Reached XP level 3. HP: 29/29 MP: 3/3
   262 | D:1      | Found a faded altar of an unknown god.
   581 | D:1      | Reached skill level 1 in Dodging
   714 | D:2      | Reached XP level 4. HP: 37/37 MP: 4/4
   806 | D:2      | Found an opulent altar of Gozag.
  1062 | D:3      | Found a shadowy altar of Dithmenos.
  1177 | D:3      | Noticed Sigmund
  1184 | D:3      | Killed Sigmund
  1185 | D:3      | Reached skill level 5 in Shields
  1185 | D:3      | Reached XP level 5. HP: 19/43 MP: 5/5
  1185 | D:3      | Reached XP level 6. HP: 21/49 MP: 6/6
  1377 | D:3      | Found a transporter.
  1416 | D:3      | Noticed rinse's ghost (amateur OpTm)
  1427 | D:3      | Found a transporter.
  1547 | D:3      | Found a blossoming altar of Fedhas.
  1903 | D:3      | Killed rinse's ghost
  1904 | D:3      | Reached XP level 7. HP: 33/55 MP: 7/7
  2067 | D:4      | Noticed Duvessa
  2067 | D:4      | Found an opulent altar of Gozag.
  2136 | D:4      | Found a hazy altar of Hepliaklqana.
  2189 | D:4      | Reached skill level 5 in Fighting
  2196 | D:4      | Became a worshipper of Gozag Ym Sagoz the Greedy
  2212 | D:4      | Noticed Dowan
  2226 | D:4      | Killed Duvessa
  2227 | D:4      | Reached skill level 5 in Armour
  2227 | D:4      | Reached skill level 6 in Shields
  2231 | D:4      | Gained mutation: You are frail. (-10% HP) [potion of
                  | mutation]
  2231 | D:4      | Gained mutation: Your system is resistant to poisons.
                  | (rPois) [potion of mutation]
  2231 | D:4      | Gained mutation: You are very frail. (-20% HP) [potion of
                  | mutation]
  2231 | D:4      | Gained mutation: You are partially covered in iridescent
                  | scales. (AC +2) [potion of mutation]
  2234 | D:4      | Killed from afar by Dowan

Illustrated notes

Levels and vault maps discovered:
D:1:      roderic_chinese_lattice_arrival, layout_basic,
          shapermc_ecumenical_altar_mp_highgroup
D:2:      layout_basic, basic_altar
D:3:      layout_loops_corners, nicolae_dithmenos_shadow_blocks,
          lemuel_crystal_altar, gammafunk_ghost_stat_death, uniq_sigmund
D:4:      layout_layer_cave, nicolae_gozag_cash_rules_everything_around_me,
          mainiacjoe_overflow_24_doors, slow_altar_2, uniq_duvessa

Skill      XL: |  1  2  3  4  5  6  7 |
---------------+----------------------+-----
Dodging        | 1 2 3 |  3.0
Fighting       | 4 5 |  5.1
Axes           | 3 4 |  4.1
Armour         | 4 5 |  5.1
Shields        | 5 6 |  6.1

Action                     |  1- 3 |  4- 6 |  7- 9 || total
---------------------------+-------+-------+-------++-------
  Melee: War axe           |   102 |    87 |    46 ||   235
    Use: Potion            |       |       |     4 ||     4
 Armour: Scale mail        |    45 |   104 |   117 ||   266
  Dodge: Dodged            |    55 |    88 |    73 ||   216
  Block: Buckler           |    23 |    41 |    27 ||    91

Table legend: (Time is in decaauts)
 A = Elapsed time spent in this place.
 B = Non-inter-level travel time spent in this place.
 C = Inter-level travel time spent in this place.
 D = Time resting spent in this place.
 E = Time spent auto-exploring this place.
 F = Levels seen in this place.
 G = Mean time per level.
                   A        B        C        D        E       F      G
               +--------+--------+--------+--------+--------+-----+--------+
         Total |   2322 |   2219 |    103 |    206 |   1254 |   4 |  580.5 |
       Dungeon |   2322 |   2219 |    103 |    206 |   1254 |   4 |  580.5 |
               +--------+--------+--------+--------+--------+-----+--------+

Top non-repeatable levels by time:
     D:3: 1062 daAuts
     D:1: 645 daAuts
     D:2: 466 daAuts
     D:4: 148 daAuts
